 Dungeon Crawl Stone Soup version 0.22-a0-419-g492bfec (webtiles) character file.

394 Megalobster the Grave Robber (level 6, -3/44 HPs)
             Began as a Mummy Necromancer on May 16, 2018.
             Shot with an arrow by a centaur (7 damage)
             ... on level 5 of the Dungeon.
             The game lasted 00:25:19 (4184 turns).

Megalobster the Grave Robber (Mummy Necromancer)    Turns: 4184, Time: 00:25:20

Health: -3/44      AC:  4    Str: 12    XL:     6   Next: 52%
Magic:  3/12       EV: 12    Int: 16    God:
Gold:   204        SH:  0    Dex: 12    Spells: 7/13 levels left

rFire    x . .     SeeInvis .   a - +2 hunting sling (flame)
rCold    + . .     Gourm    .   (no shield)
rNeg     + + +     Faith    .   j - +0 robe
rPois    ∞         Spirit   .   e - +2 hat
rElec    .         Reflect  .   (no cloak)
rCorr    .         Harm     .   (no gloves)
MR       .....                  (no boots)
Stlth    ++........             (no amulet)
HPRegen  0.14/turn              (no ring)
MPRegen  0.13/turn              (no ring)

@: no status effects
A: no food or potions, fire vulnerability, cold resistance 1, negative energy
resistance 3, torment resistance, unbreathing
a: no special abilities


You were on level 5 of the Dungeon.
You were not hungry.

You visited 1 branch of the dungeon, and saw 5 of its levels.

You collected 204 gold pieces.

Inventory:

Hand Weapons
 a - a +2 hunting sling of flaming (weapon)
 b - a +0 dagger
Missiles
 d - 104 stones (quivered)
 f - 31 sling bullets
 h - 7 tomahawks
Armour
 e - a +2 hat (worn)
 j - a +0 robe (worn)
 m - a +0 helmet
 r - a +0 scale mail
Wands
 n - a wand of clouds (6)
 p - a wand of flame (24)
Scrolls
 g - 2 scrolls of remove curse {@r2}
 i - 2 scrolls of teleportation
 k - a scroll of immolation
 l - 2 scrolls of amnesia {unknown}
 o - a scroll of magic mapping {unknown}
 q - a scroll of fear {unknown}
 s - 2 scrolls of fog {unknown}
Potions
 c - 3 potions of berserk rage {unknown}


   Skills:
 + Level 2.0 Fighting
 * Level 1.8 Short Blades
 + Level 2.3 Dodging
 - Level 1.5 Stealth
 + Level 4.4 Spellcasting
 * Level 5.9 Necromancy


You had 7 spell levels left.
You knew the following spells:

 Your Spells              Type           Power        Failure   Level  Hunger
a - Pain                  Necr           ###.         1%          1    N/A
b - Animate Skeleton      Necr           N/A          1%          1    N/A
c - Animate Dead          Necr           N/A          14%         4    N/A

Your spell library contained the following spells:

 Spells                   Type           Power        Failure   Level  Hunger
 Vampiric Draining        Necr           ###.......   4%          3    N/A
 Regeneration             Chrm/Necr      ##........   14%         3    N/A

Dungeon Overview and Level Annotations

Branches:
Dungeon (5/15)
 Temple: D:4-7

Altars:
Elyvilon
Hepliaklqana
Sif Muna


Innate Abilities, Weirdness & Mutations

You do not eat or drink.
Your flesh is vulnerable to fire.
You are immune to poison.
Your flesh is cold resistant. (rC+)
You are immune to negative energy. (rN+++)
You are immune to unholy pain and torment.
You can survive without breathing.


Message History

The iguana closely misses you.
Your leopard gecko skeleton bites the iguana but does no damage.
Your adder skeleton bites the iguana.
Something hits your howler monkey skeleton.
Found a hazy altar of Hepliaklqana.
Casting: Animate Skeleton (safe; 1% risk of failure)
Confirm with . or Enter, or press ? or * to list all spells.
Aiming: Pain (safe; 1% risk of failure)
Press: ? - help, Shift-Dir - straight line, f/p - iguana
Aim: an iguana (lightly wounded, chance to defeat MR: 87%)
The iguana writhes in agony!
The centaur wields a shortbow.
The centaur shoots an arrow.
The arrow hits you!!
* * * LOW HITPOINT WARNING * * *
The iguana barely misses you.
You take 18 damage, and have 3/44 hp.
MASSIVE DAMAGE!!
You now have 3/12 mp.
The centaur shoots an arrow.
The arrow barely misses you.
Your leopard gecko skeleton closely misses the iguana.
You see here an arrow.
The centaur shoots an arrow.
The arrow hits you!
You die...

....Z..
s.........##.#.#####..#
..⌠.... .c.
....#.##......)...# ..Z....
#.. #..........(..##.###
.....⌠. #.#
##Z...####.(.%)......
.......
#.###.Z#..##...######....
..⌠.... #.##.##.##..[..#..
.....
.......##.#ZZ#l8.#.)#....#
######
..........(%%##(##.....###
............#..#@.....####
............c.............
#......(..#.##............
#...(.......##.............
#..(......####.............
#.........# #.............
#..(......# #............
.. #............
#............


You could see a centaur, an iguana, a friendly leopard gecko skeleton and a
friendly adder skeleton.

Vanquished Creatures
  A howler monkey (D:5)
  A hound (D:4)
  An orc priest (D:3)
  An orc wizard (D:5)
  2 worker ants
  2 hound skeletons (D:4)
  4 gnolls (D:4)
  3 adders
  2 oozes
  3 worms
  3 dart slugs
  4 leopard geckos
  16 orcs
  3 giant cockroaches
  5 goblins
  3 hobgoblins
  2 jackals (D:3)
  3 quokkas
  12 bats
  4 frilled lizards
  6 kobolds
  A quokka skeleton (D:5)
  3 rats
85 creatures vanquished.

Vanquished Creatures (collateral kills)
  A leopard gecko (D:2)
  4 orcs
  2 bats
  5 goblins
  2 frilled lizards (D:2)
  A kobold (D:2)
  2 rats (D:1)
17 creatures vanquished.

Grand Total: 102 creatures vanquished

Notes
Turn   | Place    | Note
-------+----------+-------------------------------------------
     0 | D:1      | Megalobster the Mummy Necromancer began the quest for the Orb.
     0 | D:1      | Reached XP level 1. HP: 13/13 MP: 4/4
     2 | D:1      | Learned a level 1 spell: Animate Skeleton
   314 | D:1      | Reached XP level 2. HP: 19/19 MP: 3/6
  1024 | D:2      | Reached XP level 3. HP: 20/24 MP: 0/7
  1435 | D:2      | Reached skill level 5 in Necromancy
  1596 | D:2      | Found a white marble altar of Elyvilon.
  1699 | D:3      | Reached XP level 4. HP: 23/30 MP: 0/9
  2108 | D:3      | Learned a level 4 spell: Animate Dead
  2140 | D:3      | Reached skill level 1 in Fighting
  2852 | D:4      | Reached XP level 5. HP: 33/37 MP: 6/11
  3520 | D:4      | Reached skill level 1 in Short Blades
  3662 | D:4      | Reached XP level 6. HP: 35/44 MP: 4/12
  3757 | D:4      | Found a deep blue altar of Sif Muna.
  4009 | D:5      | Entered Level 5 of the Dungeon
  4179 | D:5      | Found a hazy altar of Hepliaklqana.
  4184 | D:5      | Shot with an arrow by a centaur

Vault maps used:
D:1:      lightli_arrival_chessboard, minmay_hedge_maze
D:2:      nicolae_overflow_hidden_temple, minmay_tromino_i2
D:4:      led_sif_pool
D:5:      nicolae_ru_awakened_eye, lemuel_round_altar, kennysheep_mini_moat,
          minmay_temple_entry_enclosed_plants, first_ration,
          grunt_decor_one_mirror, kennysheep_doodads

Skill      XL: |  1  2  3  4  5  6 |
---------------+-------------------+-----
Spellcasting   | 3 4 |  4.4
Necromancy     | 5 |  5.9
Fighting       | 1 2 |  2.0
Dodging        | 2 |  2.3
Short Blades   | 1 |  1.8
Stealth        | |  1.5

Action                   |  1- 3 |  4- 6 || total
-------------------------+-------+-------++-------
Melee: Dagger            |    18 |     6 ||    24
       Unarmed           |     1 |       ||     1
 Fire: Hunting sling     |    31 |    94 ||   125
Throw: Stone             |     4 |       ||     4
 Cast: Pain              |    49 |    58 ||   107
       Animate Skeleton  |    21 |    24 ||    45
  Use: Scroll            |       |     3 ||     3
 Stab: Sleeping          |     1 |       ||     1
Armor: Robe              |     7 |    23 ||    30
Dodge: Dodged            |    37 |    62 ||    99

Table legend:
 A = Spawn XP
 B = Non-spawn XP
 C = Spawn XP percentage of total XP
 D = Spawn monster count
 E = Non-spawn monster count
 F = Spawn count percentage of total count
 G = Total turns spent on level
                    A         B        C        D         E        F      G
               +---------+---------+-------+---------+---------+-------+---------
         Total |       0 |     564 |   0.0 |       0 |     102 |   0.0 |  4184
               +---------+---------+-------+---------+---------+-------+---------
           D:1 |       0 |      21 |   0.0 |       0 |      15 |   0.0 |   851
           D:2 |       0 |      60 |   0.0 |       0 |      25 |   0.0 |   768
           D:3 |       0 |     124 |   0.0 |       0 |      32 |   0.0 |  1333
           D:4 |       0 |     190 |   0.0 |       0 |      17 |   0.0 |  1092
           D:5 |       0 |     169 |   0.0 |       0 |      13 |   0.0 |   140
               +---------+---------+-------+---------+---------+-------+---------
